 Dungeon Crawl Stone Soup version 0.30-a0-1160-g6e42c06551 (webtiles) character file.

Game seed: 13744976328031009554

2607 kae the Transmogrifier (level 9, -7/75 HPs)
             Began as a Demigod Transmuter on Apr 25, 2023.
             Engulfed by a steam dragon's steam (12 damage)
             ... on level 7 of the Dungeon.
             The game lasted 00:06:43 (7140 turns).

kae the Transmogrifier (Demigod Transmuter)         Turns: 7140, Time: 00:06:43

Health: -7/75      AC:  9    Str: 15    XL:     9   Next: 12%
Magic:  17/20      EV: 10    Int: 23    God:
Gold:   1064       SH:  0    Dex: 14    Spells: 8/18 levels left

rFire   x . .        g - melded +0 war axe (elec)
rCold   + + +        (shield currently unavailable)
rNeg    . . .        a - melded +2 robe
rPois   +            (helmet currently unavailable)
rElec   .            (cloak currently unavailable)
rCorr   .            (gloves currently unavailable)
SInv    .            i - melded +0 pair of boots
Will    .....        (no amulet)
Stlth   +            (no ring)
HPRegen 0.32/turn    (no ring)
MPRegen 0.17/turn

%: no passive effects
@: ice-form, wereblooded
A: freezing attack, amphibious, boosted hp, large, high MP 1, forlorn, divine
attributes
a: End Transformation


You were on level 7 of the Dungeon.
You were a creature of crystalline ice.
You visited 2 branches of the dungeon, and saw 8 of its levels.
You also visited: Sewer.

You collected 1064 gold pieces.


Innate Abilities, Weirdness & Mutations

You are a creature of crystalline ice.
You have a powerful freezing melee attack.
You are amphibious.
Your maximum health is increased.
Your armour is entirely melded.
You are incapable of wielding weapons or throwing items.
You have an increased reservoir of magic. (+10% MP)
You shall have no god before yourself.
Your divine heritage dramatically boosts your attributes as you level up.


   Skills:
 - Level 0.8 Fighting
 - Level 1.7 Dodging
 - Level 2.6 Unarmed Combat
 + Level 5.3 Spellcasting
 * Level 8.1 Transmutations
 - Level 6.0 Ice Magic
 - Level 2.0 Poison Magic


You had 8 spell levels left.
You knew the following spells:

 Your Spells              Type           Power      Damage    Failure   Level
a - Beastly Appendage     Tmut           86%        N/A       1%          1
b - Wereblood             Tmut           43%        N/A       1%          2
c - Spider Form           Tmut/Pois      29%        N/A       3%          3
d - Ice Form              Ice/Tmut       38%        N/A       4%          4

Your spell library contained the following spells:

 Spells                   Type           Power      Damage    Failure   Level
 Sting                    Tmut/Pois      100%       1d8       1%          1
 Ozocubu's Armour         Ice            33%        N/A       2%          3
 Ignite Poison            Fire/Tmut/Pois 21%        N/A       7%          3
 Necrotise                Necr           24%        1d5       9%          1
 Poisonous Vapours        Pois/Air       20%        N/A       9%          2
 Sublimation of Blood     Necr           6%         N/A       14%         2
 Petrify                  Tmut/Erth      24%        N/A       17%         4
 Vampiric Draining        Necr           6%         2d6       26%         3
 Olgreb's Toxic Radiance  Pois           15%        N/A       36%         4
 Irradiate                Conj/Tmut      12%        3d15      43%         5
 Sticky Flame             Conj/Fire      6%         2d3       65%         4
 Agony                    Necr           6%         N/A       94%         5
 Ozocubu's Refrigeration  Ice            16%        4d11      100%        7
 Ignition                 Fire           3%         3d4       100%        8

Inventory:

Hand Weapons
 g - a +0 war axe of electrocution (melded)
   (You found it on level 1 of the Dungeon)
Missiles
 f - 111 stones
 l - 4 poisoned darts
 m - 6 datura-tipped darts
 A - 4 curare-tipped darts {=f}
Armour
 a - a +2 robe (melded)
 i - a +0 pair of boots (melded)
   (You found it in a sewer)
Magical Staves
 y - a staff of fire {!a}
   (You found it on level 4 of the Dungeon)
Jewellery
 F - a ring of fire
   (You found it on level 2 of the Dungeon)
 T - an amulet of faith {!P}
   (You found it on level 3 of the Dungeon)
Wands
 h - a wand of roots (16)
   (You took it off Robin on level 2 of the Dungeon)
 t - a wand of digging (10)
   (You found it on level 3 of the Dungeon)
 C - a wand of flame (35)
   (You found it on level 5 of the Dungeon)
 G - a wand of paralysis (4)
   (You found it on level 6 of the Dungeon)
Scrolls
 j - 5 scrolls of teleportation {@r4}
 n - a scroll of vulnerability {unknown}
 r - a scroll of butterflies {unknown}
 s - a scroll of amnesia {unknown}
 u - a scroll of magic mapping {unknown}
 w - a scroll of immolation {!r!r}
 z - a scroll of fog
 B - a scroll of poison {!r}
 D - a scroll of brand weapon
 E - a scroll of blinking {unknown}
Potions
 b - a potion of lignification {!q}
 c - 7 potions of curing {@q1}
 d - a potion of mutation {!q}
 e - 2 potions of cancellation
 k - 5 potions of heal wounds {@q2}
 o - 2 potions of might
 p - 3 potions of haste {@q3}
 q - a potion of brilliance
 v - a potion of ambrosia
Miscellaneous
 x - a box of beasts
   (You found it on level 4 of the Dungeon)

Dungeon Overview and Level Annotations

Branches:
Dungeon (7/15) Zot: 26952  Temple (1/1) D:4 Zot: 5730   Sewer (visited)

#.#.#..#
#.....ยฉ
#...#. .....
#.!. #..#
.#D#.#####..#
.......<.DYยง#
.#.#.#####..#
#...# ......
......#
#........
##...##.##
##### .#


You could see a steam dragon (catching breath).


Message History

a +0 hand axe; a +0 club Done exploring.
Done exploring.
Done exploring.
Done exploring.
Okay, then.
Done exploring.
Unknown command.
Done exploring.
Done exploring.
(D) Dungeon (T) Temple
Where to? (Enter - D:6, ? - help)
There is a stone staircase leading down here.
You climb downwards.
The white imp shouts!
The steam dragon hisses angrily.
Found a stone staircase leading up.
There is a stone staircase leading up here.
There are monsters nearby!
Okay, then.
The steam dragon breathes steam at you. The ball of steam hits you!
You climb upwards.
There is a stone staircase leading down here. ๐Ÿ˜• HP[-10]
You take 10 damage, and now have 53/63 hp.
There is a stone staircase leading down here. ๐Ÿ˜• HP[+8]
You regained 8 hp, and now have 61/63 hp.
Casting: Wereblood (safe; 1% risk of failure)
Confirm with . or Enter, or press ? or * to list all spells.
You turn into a creature of crystalline ice.
Your +0 war axe of electrocution melds into your body.
Your +0 pair of boots melds into your body.
Your +2 robe melds into your body.
Your +0 war axe of electrocution stops crackling. ๐Ÿ˜• HP[+12] MP[-4]
You now have 75 max hp (+12).
You regained 12 hp, and now have 73/75 hp.
You lost 4 mp, and now have 16/20 mp.
Casting: Ice Form (dangerous; 4% risk of failure)
Confirm with . or Enter, or press ? or * to list all spells.
Your blood is infused with primal strength. ๐Ÿ˜• HP[+1] MP[-2]
You lost 2 mp, and now have 14/20 mp.
You climb downwards.
There is a stone staircase leading up here. ๐Ÿ˜• MP[+1]
You barely miss the white imp.
The white imp barely misses you. ๐Ÿ˜Ž HP[+1]
Your hp is fully restored (75).
You punch the white imp!
The white imp hits you but does no damage.
You hit the white imp but do no damage. The white imp gestures at you.
The puff of frost hits you. You resist. ๐Ÿ˜• HP[-1]
You take 1 damage, and now have 74/75 hp.
You hit the white imp.
The white imp hits you but does no damage. ๐Ÿ˜Ž HP[+1]
Your hp is fully restored (75).
You punch the white imp!
You kill the white imp! ๐Ÿ˜Ž MP[+1]
You hit the steam dragon. You freeze the steam dragon.
The steam dragon misses you. The steam dragon barely misses you.
You hit the steam dragon. You freeze the steam dragon.
The steam dragon breathes steam at you. The ball of steam hits you!!
The steam scalds you terribly! ๐Ÿ˜ฎ HP[-24]
You take 24 damage, and now have 51/75 hp.
MASSIVE DAMAGE!! (PAUSE)
You punch the steam dragon! You freeze the steam dragon.
You are engulfed in a cloud of scalding steam.
The steam dragon barely misses you.
The steam dragon claws you but does no damage. ๐Ÿ˜ฎ HP[-10]
You take 10 damage, and now have 41/75 hp.
You barely miss the steam dragon.
You are engulfed in a cloud of scalding steam.
* * * LOW HITPOINT WARNING * * *
The steam dragon bites you.
* * * LOW HITPOINT WARNING * * *
The steam dragon claws you.
* * * LOW HITPOINT WARNING * * *
๐Ÿ˜จ HP[-14]
You take 14 damage, and now have 27/75 hp.
Unknown command.
You hit the steam dragon. You freeze the steam dragon.
You are engulfed in a cloud of scalding steam.
* * * LOW HITPOINT WARNING * * *
The steam dragon breathes steam at you. The ball of steam hits you!
The steam scalds you terribly!
* * * LOW HITPOINT WARNING * * *
๐Ÿ˜ฑ HP[-22] MP[+1]
You take 22 damage, and now have 5/75 hp.
MASSIVE DAMAGE!! (PAUSE)
You hit the steam dragon but do no damage.
You are engulfed in a cloud of scalding steam.
You die...

Skill      XL: |  1  2  3  4  5  6  7  8  9 |
---------------+----------------------------+-----
Transmutations | 2 3 4 6 7 8 |  8.1
Spellcasting   | 2 3 4 5 |  5.3
Poison Magic   | 1 2 |  2.0
Ice Magic      | 1 4 6 |  6.0
Fighting       | |  0.8
Dodging        | |  1.7
Unarmed Combat | |  2.6

Action                     |  1- 3 |  4- 6 |  7- 9 || total
---------------------------+-------+-------+-------++-------
  Melee: Unarmed           |    54 |    80 |   193 ||   327
         Kick              |    18 |     5 |       ||    23
         Headbutt          |    10 |     3 |       ||    13
         War axe           |    65 |   124 |     2 ||   191
         Punch             |     1 |     2 |       ||     3
   Cast: Beastly Appendage |    25 |     6 |       ||    31
         Wereblood         |     2 |     8 |    11 ||    21
         Spider Form       |       |     7 |       ||     7
         Ice Form          |       |     4 |    23 ||    27
    Use: Scroll            |     2 |    11 |     3 ||    16
         Potion            |       |     5 |       ||     5
   Stab: Sleeping          |     4 |       |     1 ||     5
         Invisible         |       |     4 |       ||     4
 Armour: Robe              |    22 |    33 |       ||    55
         Skin              |       |     8 |    56 ||    64
  Dodge: Dodged            |    93 |   174 |    75 ||   342

Levels and vault maps discovered:
D:1:      scummos_arrival_simple_crosswalls, layout_loops_corners,
          shapermc_ecumenical_altar_mp_urbaneastern, minivault_25,
          minmay_worlds_worst_comb
D:2:      minmay_wonky_spiral, layout_basic, uniq_robin
D:3:      layout_basic, cheibrodos_sewer_entry_drain
D:4:      layout_gridville, minmay_temple_entry_wispy,
          ebering_ghost_inner_flame, dilly_guarded_unrand_devastator, uniq_pikel
D:5:      layout_loops_corners, nzn_hepliaklqana_mist_gate,
          kennysheep_little_box, uniq_grinder
D:6:      layout_rooms, marbit_many_paths, grunt_ministairs_12
D:7:      gammafunk_cloud_chamber, layout_loops_ring, amcnicky_altar_gilded,
          nicolae_overflow_two_pavilions, serial_shops,
          nicolae_shop_tiny_waterfront, uniq_crazy_yiuf_cottage
Temple:   bh_familiar_temple

Notes
Turn   | Place    | Note
-------+----------+-------------------------------------------
     0 | D:1      | kae the Demigod Transmuter began the quest for the Orb.
     0 | D:1      | Reached XP level 1. HP: 15/15 MP: 5/5
     0 | D:1      | magus.rc [v1.11.3]
    40 | D:1      | Reached skill level 2 in Transmutations
    59 | D:1      | Reached skill level 2 in Spellcasting
   127 | D:1      | Reached XP level 2. HP: 21/22 MP: 5/7
   134 | D:1      | Learned a level 2 spell: Wereblood
   682 | D:1      | You add the spells Ignite Poison, Sticky Flame and Ignition
                  | to your library.
   941 | D:1      | Reached XP level 3. HP: 23/27 MP: 7/9
   953 | D:1      | Reached skill level 3 in Transmutations
   962 | D:1      | Learned a level 3 spell: Spider Form
  1407 | D:2      | Reached skill level 1 in Poison Magic
  1582 | D:2      | Noticed Robin
  1591 | D:2      | HP: 6/27 [Robin/+0 spear of freezing (1)]
  1593 | D:2      | Killed Robin
  1594 | D:2      | Reached XP level 4. HP: 6/34 MP: 7/10
  1600 | D:2      | HP: 7/34 [hobgoblin[Robin] (4)]
  1606 | D:2      | HP: 7/34 [hobgoblin[Robin] (1)]
  1840 | D:2      | You pick up a book of Alchemy and begin reading...
  1840 | D:2      | You add the spells Sublimation of Blood, Petrify and
                  | Irradiate to your library.
  1845 | D:2      | You add the spells Ozocubu's Armour and Ozocubu's
                  | Refrigeration to your library.
  2098 | D:3      | Found a glowing drain.
  2109 | Sewer    | Entered a sewer
  2239 | Sewer    | Reached skill level 2 in Poison Magic
  2239 | Sewer    | Reached XP level 5. HP: 32/39 MP: 10/12
  2329 | Sewer    | Reached skill level 3 in Spellcasting
  2329 | Sewer    | Reached skill level 4 in Transmutations
  2410 | Sewer    | Identified a scroll of acquirement
  2410 | Sewer    | Acquired 804 gold pieces
  2577 | D:3      | Learned a level 4 spell: Ice Form
  2729 | D:3      | You add the spells Sting, Poisonous Vapours and Olgreb's
                  | Toxic Radiance to your library.
  2798 | D:4      | Noticed Pikel
  2966 | D:4      | Reached skill level 1 in Ice Magic
  3098 | D:4      | Reached XP level 6. HP: 34/46 MP: 10/13
  3248 | D:4      | Found a staircase to the Ecumenical Temple.
  3418 | D:4      | Found a runed translucent door.
  3423 | D:4      | Noticed morax's ghost (amateur GrFi)
  3427 | D:4      | Noticed a yak
  3553 | D:4      | Found the +6 shillelagh "Devastator" {shatter}
  3580 | D:4      | Reached skill level 2 in Ice Magic
  3710 | Temple   | Entered the Ecumenical Temple
  3995 | D:4      | Reached skill level 5 in Transmutations
  3996 | D:4      | HP: 13/55 [Pikel/+0 whip of flaming (4)]
  4001 | D:4      | HP: 13/55 [Pikel/+0 whip of flaming (1)]
  4002 | D:4      | HP: 6/55 [Pikel/+0 whip of flaming (1)]
  4003 | D:4      | Killed Pikel
  4004 | D:4      | Reached skill level 4 in Spellcasting
  4004 | D:4      | Reached skill level 6 in Transmutations
  4004 | D:4      | Reached skill level 4 in Ice Magic
  4004 | D:4      | Reached XP level 7. HP: 11/51 MP: 11/16
  4010 | D:4      | HP: 12/61 [ball python (1)]
  4264 | D:4      | Reached XP level 8. HP: 58/58 MP: 11/17
  4645 | D:4      | Killed morax's ghost
  4650 | D:4      | Reached skill level 5 in Ice Magic
  4800 | D:5      | Entered Level 5 of the Dungeon
  4873 | D:5      | Noticed Grinder
  5145 | D:5      | You pick up a book of Necromancy and begin reading...
  5145 | D:5      | You add the spells Necrotise, Vampiric Draining and Agony
                  | to your library.
  5429 | D:5      | Reached skill level 7 in Transmutations
  6182 | D:5      | Killed Grinder
  6463 | D:6      | Reached skill level 5 in Spellcasting
  6463 | D:6      | Reached skill level 6 in Ice Magic
  6590 | D:6      | Reached XP level 9. HP: 63/63 MP: 11/20
  6643 | D:6      | Reached skill level 8 in Transmutations
  7139 | D:7      | HP: 11/75 [steam dragon] (16)]
  7139 | D:7      | HP: 5/75 [steam dragon/ball of steam (7)]
  7140 | D:7      | Engulfed by a steam dragon's steam

Vanquished Creatures
  Pikel (D:4)
  Grinder (D:5)
  A yak (D:4)
  The ghost of morax the Trooper, an amateur GrFi (D:4)
  A sky beast (D:6)
  A black bear (D:5)
  2 ice beasts (D:6)
  4 ogres
  3 lemures
  2 phantoms
  A bullfrog (D:6)
  2 scorpions
  2 jellies (Sewer)
  An orc priest (D:4)
  3 hounds
  2 iguanas (D:5)
  4 orc wizards
  Robin (D:2)
  6 gnolls (D:5)
  A river rat (Sewer)
  8 adders
  A shadow imp (D:6)
  3 white imps
  An ufetubus (D:5)
  A worm (D:3)
  26 orcs
  12 ball pythons
  4 bats
  13 endoplasms
  14 giant cockroaches
  22 goblins
  12 hobgoblins
  13 jackals
  4 quokkas
  8 frilled lizards
  A kobold (D:3)
  12 rats
195 creatures vanquished.

Table legend:
 A = Non-vault XP
 B = Vault XP
 C = Vault XP percentage of total XP
 D = Non-vault monster count
 E = Vault monster count
 F = Vault count percentage of total count
                 A         B        C        D         E       F
            +---------+---------+-------+---------+---------+-------
      Total |    1901 |    1824 |  49.0 |     134 |      58 |  30.2
            +---------+---------+-------+---------+---------+-------
        D:1 |      49 |       6 |  10.9 |      28 |       3 |   9.7
        D:2 |      53 |      38 |  41.8 |      19 |      14 |  42.4
        D:3 |      32 |       7 |  17.9 |      15 |       2 |  11.8
        D:4 |     431 |    1363 |  76.0 |      33 |       6 |  15.4
        D:5 |     641 |     254 |  28.4 |      25 |       1 |   3.8
        D:6 |     685 |      18 |   2.6 |      13 |       6 |  31.6
        D:7 |      10 |       0 |   0.0 |       1 |       0 |   0.0
      Sewer |       0 |     138 | 100.0 |       0 |      26 | 100.0
            +---------+---------+-------+---------+---------+-------

Skill      XL: |  1  2  3  4  5  6  7  8  9 |
---------------+----------------------------+-----
Transmutations | 2 3 4 6 7 8 |  8.1
Spellcasting   | 2 3 4 5 |  5.3
Poison Magic   | 1 2 |  2.0
Ice Magic      | 1 4 6 |  6.0
Fighting       | |  0.8
Dodging        | |  1.7
Unarmed Combat | |  2.6

Action                     |  1- 3 |  4- 6 |  7- 9 || total
---------------------------+-------+-------+-------++-------
  Melee: Unarmed           |    54 |    80 |   193 ||   327
         Kick              |    18 |     5 |       ||    23
         Headbutt          |    10 |     3 |       ||    13
         War axe           |    65 |   124 |     2 ||   191
         Punch             |     1 |     2 |       ||     3
   Cast: Beastly Appendage |    25 |     6 |       ||    31
         Wereblood         |     2 |     8 |    11 ||    21
         Spider Form       |       |     7 |       ||     7
         Ice Form          |       |     4 |    23 ||    27
    Use: Scroll            |     2 |    11 |     3 ||    16
         Potion            |       |     5 |       ||     5
   Stab: Sleeping          |     4 |       |     1 ||     5
         Invisible         |       |     4 |       ||     4
 Armour: Robe              |    22 |    33 |       ||    55
         Skin              |       |     8 |    56 ||    64
  Dodge: Dodged            |    93 |   174 |    75 ||   342

Illustrated notes

Table legend:
 A = Kills in this place as a percentage of kills in the entire game.
 B = Kills by you in this place as a percentage of kills by you in the entire game.
 C = Kills by friends in this place as a percentage of kills by friends in the entire game.
 D = Other kills in this place as a percentage of other kills in the entire game.
 E = Experience gained in this place as a percentage of experience gained in the entire game.
 F = Experience gained in this place divided by the number of levels of this place that you have seen.
                   A       B       C       D       E      F
               +-------+-------+-------+-------+-------+----------------------
         Total | 100.0 | 100.0 |   N/A |   N/A | 100.0 | 413.9
       Dungeon |  86.5 |  86.5 |   N/A |   N/A |  96.3 | 512.4
         Sewer |  13.5 |  13.5 |   N/A |   N/A |   3.7 | 138.0
               +-------+-------+-------+-------+-------+----------------------

Table legend: (Time is in decaauts)
 A = Elapsed time spent in this place.
 B = Non-inter-level travel time spent in this place.
 C = Inter-level travel time spent in this place.
 D = Time resting spent in this place.
 E = Time spent auto-exploring this place.
 F = Levels seen in this place.
 G = Mean time per level.
                   A        B        C        D        E       F      G
               +--------+--------+--------+--------+--------+-----+--------+
         Total |   7245 |   7035 |    210 |    134 |   5496 |   9 |  805.0 |
       Dungeon |   6594 |   6408 |    186 |     30 |   5182 |   7 |  942.0 |
        Temple |    269 |    245 |     24 |    104 |    131 |   1 |  269.0 |
         Sewer |    381 |    381 |      0 |      0 |    182 |   1 |  381.0 |
               +--------+--------+--------+--------+--------+-----+--------+

Top non-repeatable levels by time:
     D:4: 1705 daAuts
     D:5: 1424 daAuts
     D:1: 1130 daAuts
     D:2: 917 daAuts
     D:6: 895 daAuts
     D:3: 508 daAuts
   Sewer: 381 daAuts
  Temple: 269 daAuts
     D:7: 13 daAuts
